 Dungeon Sprint DCSS version 0.16-a0-3803-gd4b2de5 (webtiles) character file.

5887 PolkaDot the Convoker (level 10, 0/63 HPs)
             Began as a Vampire Summoner on Jan 26, 2015.
             Was the Champion of Sif Muna.
             Killed from afar by a fire giant (24 damage)
             ... with a fireball
             ... in the Dungeon (Sprint V: "Ziggurat Sprint").
             The game lasted 00:16:30 (2125 turns).

PolkaDot the Convoker (Vampire Summoner)            Turns: 2125, Time: 00:16:31

Health: 0/63       AC: 10    Str: 22    XL:     10   Next: 52%
Magic:  2/37       EV: 30    Int: 35    God:    Sif Muna [******]
Gold:   0          SH:  0    Dex: 23    Spells: 7 memorised, 4 levels left

rFire  + . .     SeeInvis +     A - +6 Majin-Bo {vamp, Archmagi MP+6 Int+6}
rCold  + + +     Clarity  .     n - +3 leather armour of Valiance {rC+ Str+4 Int+2}
rNeg   + + +     SustAb   .     (no shield)
rPois  ∞         Gourm    .     (no helmet)
rElec  +         Spirit   .     (no cloak)
rCorr  +         Warding  .     (no gloves)
rMut   .         NoTele   +     (no boots)
MR     +....                    J - amulet "Ghadoriy" {Regen+ Str+4 Int+7}
Stlth  ++++......               H - +4 ring of protection
                                M - ring of Nuasch {rN+ EV+5 Str+2 Dex+4 Stlth-}

@: mighty, agile, resistant, very slightly contaminated, bloodless,
non-regenerating, hasted, invisible, very quick, somewhat resistant to hostile
enchantments, stealthy
A: bottle blood, fangs 3, see invisible, unbreathing
a: Bat Form, Channel Energy, Forget Spell, Renounce Religion


You were in the Dungeon.
You worshipped Sif Muna.
Sif Muna was exalted by your worship.
You were bloodless.

You visited 1 branch

Inventory:

Hand weapons
 A - the +6 Majin-Bo (weapon) {vamp, Archmagi MP+6 Int+6}
   (You found it in the Dungeon)

   It inflicts no extra harm, but heals its wielder somewhat when it strikes a
   living foe.
   It affects your intelligence (+6).
   It affects your magic capacity (+6).
Armour
 n - the +3 leather armour of Valiance (worn) {rC+ Str+4 Int+2}
   (You found it in the Dungeon)

   It affects your strength (+4).
   It affects your intelligence (+2).
   It protects you from cold.
Rods
 D - a +2 iron rod (9/9)
   (You found it in the Dungeon)
 E - a +4 iron rod (10/10)
   (You found it in the Dungeon)
 L - a +3 rod of clouds (9/9)
   (You found it in the Dungeon)
Jewellery
 H - a +4 ring of protection (right hand)
 J - the amulet "Ghadoriy" (around neck) {Regen+ Str+4 Int+7}
   (You found it in the Dungeon)

   [amulet of regeneration]

   It affects your strength (+4).
   It affects your intelligence (+7).
   It increases your rate of regeneration.
 M - the ring of Nuasch (left hand) {rN+ EV+5 Str+2 Dex+4 Stlth-}
   (You found it in the Dungeon)

   [ring of evasion]

   It affects your evasion (+5).
   It affects your strength (+2).
   It affects your dexterity (+4).
   It protects you from negative energy.
   It makes you less stealthy.
 O - the ring "Skule" {rElec Int+3 Dex+2 Stlth-}
   (You found it in the Dungeon)

   [ring of intelligence]

   It affects your intelligence (+3).
   It affects your dexterity (+2).
   It insulates you from electricity.
   It makes you less stealthy.
Magical devices
 w - a wand of disintegration (7)
 x - a wand of fire (5)
 y - a wand of cold (5)
 z - a wand of draining (5)
Scrolls
 q - 2 scrolls of amnesia
 r - 3 scrolls of recharging
 s - 5 scrolls of fog
 t - 5 scrolls of identify
 u - 4 scrolls of remove curse
Potions
 d - 3 potions of curing
 f - 5 potions of haste
 g - 7 potions of magic
 h - 3 potions of berserk rage
 j - 2 potions of brilliance
 k - a potion of invisibility
 l - 2 potions of restore abilities
 m - 3 potions of resistance
 o - 2 potions of agility
 p - 4 potions of might
Books
 a - the Reference Book on Companions and Unholy Rites
   (You found it in the Dungeon)

   Spells                             Type                      Level
   a - Animate Skeleton               Necromancy                   1
   b - Pain                           Necromancy                   1
   c - Summon Small Mammal            Summoning                    1
   d - Summon Mana Viper              Hexes/Summoning              5
   e - Shadow Creatures               Summoning                    5
   f - Spellforged Servitor           Conjuration/Summoning        7
 b - a book of Callings

   Spells                             Type                      Level
   a - Summon Small Mammal            Summoning                    1
   b - Call Imp                       Summoning                    2
   c - Call Canine Familiar           Summoning                    3
   d - Summon Guardian Golem          Hexes/Summoning              4
   e - Summon Lightning Spire         Summoning/Air                4
   f - Summon Ice Beast               Ice/Summoning                4
 c - Sif Muna's Volume of the Escort {god gift}
   (Sif Muna gifted it to you in the Dungeon)

   Spells                             Type                      Level
   a - Forceful Dismissal             Summoning                    6
   b - Spellforged Servitor           Conjuration/Summoning        7
   c - Summon Hydra                   Summoning                    7
 B - a book of the Dragon

   Spells                             Type                      Level
   a - Flight                         Charms/Air                   3
   b - Cause Fear                     Hexes                        4
   c - Bolt of Fire                   Conjuration/Fire             6
   d - Dragon Form                    Transmutation                7
   e - Dragon's Call                  Summoning                    9
 C - Sif Muna's Disquisition on Creation {god gift}
   (Sif Muna gifted it to you in the Dungeon)

   Spells                             Type                      Level
   a - Summon Butterflies             Summoning                    1
   b - Call Imp                       Summoning                    2
   c - Abjuration                     Summoning                    3
   d - Malign Gateway                 Summoning/Translocation      7
   e - Summon Greater Demon           Summoning                    7
 G - Sif Muna's Tome of Slavery {god gift}
   (Sif Muna gifted it to you in the Dungeon)

   Spells                             Type                      Level
   a - Summon Small Mammal            Summoning                    1
   b - Summon Lightning Spire         Summoning/Air                4
   c - Summon Forest                  Summoning/Translocation      5
   d - Summon Greater Demon           Summoning                    7
 K - a book of Spatial Translocations

   Spells                             Type                      Level
   a - Apportation                    Translocation                1
   b - Blink                          Translocation                2
   c - Shroud of Golubria             Charms/Translocation         2
   d - Portal Projectile              Translocation                3
   e - Teleport Other                 Translocation                3
   f - Passage of Golubria            Translocation                4
 N - Bryastreo's Volume of the Entourage {god gift}
   (Sif Muna gifted it to you in the Dungeon)

   Spells                             Type                      Level
   a - Summon Butterflies             Summoning                    1
   b - Summon Small Mammal            Summoning                    1
   c - Shadow Creatures               Summoning                    5
   d - Forceful Dismissal             Summoning                    6
   e - Summon Greater Demon           Summoning                    7
Miscellaneous
 F - a plain deck of war {drawn: 1}
 I - a plain deck of summoning
 P - a phantom mirror
 Q - a lantern of shadows
 R - a phial of floods


   Skills:
 + Level 5.0 Staves
 - Level 8.1 Dodging
 - Level 6.1 Stealth
 + Level 12.6 Spellcasting
 * Level 18.1 Summonings


You had 4 spell levels left.
You knew the following spells:

 Your Spells              Type           Power        Failure   Level  Hunger
d - Call Canine Familiar  Summ           ########     0%          3    None
f - Summon Forest         Summ/Tloc      #######...   1%          5    None
g - Summon Guardian Gole  Hex/Summ       #######.     1%          4    None
h - Summon Hydra          Summ           ########..   1%          7    #####..
i - Summon Ice Beast      Ice/Summ       #######.     1%          4    None
q - Blink                 Tloc           N/A          3%          2    None
v - Summon Mana Viper     Hex/Summ       #######.     1%          5    None


Dungeon Overview and Level Annotations

Branches:
Dungeon (1/1)

Altars:
Ashenzari
Cheibriados
Dithmenos
Elyvilon
Fedhas
Gozag
Kikubaaqudgha
Makhleb
Nemelex Xobeh
Okawaru
Qazlal
Ru
Sif Muna
Trog
Vehumet
Xom
Yredelemnul
Zin
The Shining One
Beogh
Jiyva
Lugonu


Innate Abilities, Weirdness & Mutations

You do not heal naturally.
You can bottle blood from corpses.
You have razor-sharp teeth.
You have supernaturally acute eyesight.
You can survive without breathing.


Message History

The blast of flame misses you.
The fire giant gestures at you while chanting.
The bolt of fire misses the hell hound.
The bolt of fire hits you! You resist.
* * * LOW HITPOINT WARNING * * *
You sock the hell hound!
You kill the hell hound!
Your Staves skill increases to level 5!
The fire giant points at you and mumbles some strange words.
The bolt of fire misses you.
Casting: Summon Mana Viper
Confirm with . or Enter, or press ? or * to list all spells.
You feel a surge of power!
An eight-headed hydra appears.
* * * LOW HITPOINT WARNING * * *;
* * * LOW MAGIC WARNING * * *
Drink which item? (? for menu, Esc to quit)
You feel better.
Drink which item? (? for menu, Esc to quit)
You feel better.
The fire giant gestures at you while chanting.
The fireball explodes!
The fireball engulfs you! You resist.
You die...

▓.........▓.....
▓.........▓.....
▓.........▓...))
▓.........▓...†.
▓▓▓▓▓▓▓▓▓.▓.....▓.▓.▓...
..8©8....▓.........▓...[.
[)):|)}..▓▓▓▓▓▓▓▓▓▓▓▓▓▓▓▓
.\k|\}...▓...8©8...▓..8©8
.........@▓..[:)}...▓..)).
.........†.▓.....:...▓..).[
......C.D.▓.........▓.....
...v.)...▓..))|....▓...).
▓.....▓..▓....))...▓.....
▓▓...▓▓▓.▓...).....▓.....
▓..▓..††§▓..▓.▓.....▓.▓.....
▓.....§§....▓.........▓.....
▓▓▓▓▓▓▓▓▓▓▓▓▓▓▓▓▓▓▓▓▓▓▓▓▓▓▓▓


You could see a fire giant, a fire drake, a fire vortex and a friendly
eight-headed hydra.

Vanquished Creatures
  A fire dragon (D)
  A deep elf mage (D)
  A fire elemental (D)
  2 hell hounds (D)
  A scorpion (D)
6 creatures vanquished.

Vanquished Creatures (collateral kills)
  A ghoul (D)
  A hell hog (D)
  A skeletal warrior (D)
  A deep elf summoner (D)
  A necromancer (D)
  2 wolf spiders (D)
  A deep elf conjurer (D)
  2 hornets (D)
  A black mamba (D)
  2 yaktaurs (D)
  An efreet (D)
  A boulder beetle (D)
  A trapdoor spider (D)
  A shadow (D)
  3 vampires (D)
  A fire elemental (D)
  A wolf (D)
  4 hell hounds (D)
  2 nagas (D)
  A porcupine (D)
  A spider (D)
  A phantom (D)
  A water moccasin (D)
  4 necrophages (D)
  3 centaurs (D)
  A boring beetle (D)
  3 wights (D)
  3 orc wizards (D)
  4 orc priests (D)
  A sheep (D)
  A necrophage skeleton (D)
  An adder (D)
  A giant mite (D)
  An adder zombie (D)
  3 adder skeletons (D)
  4 orcs (D)
  A ball python (D)
  2 bat skeletons (D)
  6 bat zombies (D)
  A jackal (D)
  A giant cockroach zombie (D)
  2 jackal skeletons (D)
  A fungus (D)
76 creatures vanquished.

Vanquished Creatures (others)
  8 hydras (D)
  2 mana vipers (D)
  A fire vortex (D)
  2 wasps (D)
  72 snaplasher vine segments (D)
85 creatures vanquished.

Grand Total: 167 creatures vanquished

Notes
Turn   | Place    | Note
--------------------------------------------------------------
     0 | D        | PolkaDot, the Vampire Summoner, began the quest for the Orb.
     0 | D        | Reached XP level 1. HP: 13/13 MP: 3/3
     0 | D        | Found a corrupted altar of Lugonu.
     0 | D        | Found a viscous altar of Jiyva.
     0 | D        | Found a white marble altar of Elyvilon.
     0 | D        | Found a burning altar of Makhleb.
     0 | D        | Found an iron altar of Okawaru.
     2 | D        | Found a sparkling altar of Nemelex Xobeh.
     2 | D        | Found a basalt altar of Yredelemnul.
     2 | D        | Found a deep blue altar of Sif Muna.
     2 | D        | Found a radiant altar of Vehumet.
     6 | D        | Found a bloodstained altar of Trog.
    18 | D        | Became a worshipper of Sif Muna the Loreminder
    22 | D        | Found a shimmering altar of Xom.
    71 | D        | Entered arena 1.
    71 | D        | Noticed a scorpion
    77 | D        | Killed a scorpion
    77 | D        | Reached skill level 6 in Stealth
    77 | D        | Reached skill level 5 in Summonings
    77 | D        | Reached XP level 2. HP: 19/19 MP: 6/6
    77 | D        | Reached XP level 3. HP: 24/24 MP: 8/8
    78 | D        | Acquired Sif Muna's first power
    78 | D        | Acquired Sif Muna's second power
    78 | D        | Reached skill level 9 in Summonings
    78 | D        | Reached XP level 4. HP: 30/30 MP: 8/15
    83 | D        | Got the +3 leather armour of Valiance {rC+ Str+4 Int+2}
   101 | D        | Learned a level 3 spell: Call Canine Familiar
   106 | D        | Learned a level 4 spell: Summon Ice Beast
   151 | D        | Entered arena 2.
   151 | D        | Noticed an orc priest
   151 | D        | Noticed an orc wizard
   155 | D        | Killed an orc priest
   159 | D        | Killed an orc wizard
   159 | D        | Acquired Sif Muna's third power
   301 | D        | Entered arena 3.
   301 | D        | Noticed a deep elf summoner
   301 | D        | Noticed a deep elf mage
   301 | D        | Noticed a deep elf conjurer
   304 | D        | Noticed a demonic crawler
   307 | D        | Killed a deep elf summoner
   307 | D        | Reached skill level 11 in Summonings
   307 | D        | Reached XP level 5. HP: 22/35 MP: 11/19
   307 | D        | Reached XP level 6. HP: 25/41 MP: 11/21
   309 | D        | Killed a deep elf mage
   309 | D        | Received a gift from Sif Muna
   309 | D        | Reached skill level 12 in Summonings
   311 | D        | Killed a deep elf conjurer
   311 | D        | Reached skill level 13 in Summonings
   311 | D        | Reached XP level 7. HP: 39/46 MP: 12/24
   328 | D        | Identified Sif Muna's Volume of the Escort {god gift} (Sif Muna gifted it to you in the Dungeon)
   405 | D        | Learned a level 7 spell: Summon Hydra
   405 | D        | Entered arena 4.
   405 | D        | Noticed a wolf
   405 | D        | Noticed a porcupine
   407 | D        | Killed a porcupine
   409 | D        | Killed a wolf
   409 | D        | Received a gift from Sif Muna
   410 | D        | Identified Sif Muna's Disquisition on Creation {god gift} (Sif Muna gifted it to you in the Dungeon)
   545 | D        | Learned a level 7 spell: Summon Greater Demon
   547 | D        | Entered arena 5.
   547 | D        | Noticed a centaur
   547 | D        | Noticed a yaktaur
   547 | D        | Noticed a centaur
   547 | D        | Noticed a centaur
   547 | D        | Noticed a yaktaur
   555 | D        | Killed a centaur
   556 | D        | Killed a centaur
   556 | D        | Killed a centaur
   560 | D        | Killed a yaktaur
   560 | D        | Reached skill level 14 in Summonings
   560 | D        | Reached XP level 8. HP: 33/52 MP: 19/25
   567 | D        | Killed a yaktaur
   567 | D        | Reached skill level 10 in Spellcasting
   642 | D        | Entered arena 6.
   642 | D        | Noticed a water moccasin
   642 | D        | Noticed a naga
   642 | D        | Noticed a black mamba
   642 | D        | Noticed a naga
   648 | D        | Killed a black mamba
   648 | D        | Killed a water moccasin
   650 | D        | Killed a naga
   650 | D        | Reached skill level 5 in Dodging
   650 | D        | Killed a naga
   855 | D        | Entered arena 7.
   855 | D        | Noticed a wight
   855 | D        | Noticed a phantom
   855 | D        | Noticed a necrophage
   855 | D        | Noticed a necrophage
   859 | D        | Killed a necrophage
   859 | D        | Received a gift from Sif Muna
   859 | D        | Reached skill level 15 in Summonings
   859 | D        | Killed a necrophage
   860 | D        | Identified Sif Muna's Tome of Slavery {god gift} (Sif Muna gifted it to you in the Dungeon)
   860 | D        | Killed a phantom
   861 | D        | Killed a wight
  1034 | D        | Learned a level 5 spell: Summon Forest
  1039 | D        | Learned a level 4 spell: Summon Guardian Golem
  1039 | D        | Entered arena 8.
  1039 | D        | Noticed a wight
  1039 | D        | Noticed a necrophage
  1045 | D        | Killed a wight
  1046 | D        | Killed a necrophage
  1386 | D        | Got the amulet "Ghadoriy" {Regen+ Str+4 Int+7}
  1401 | D        | Entered arena 9.
  1401 | D        | Noticed an orc priest
  1401 | D        | Noticed an orc wizard
  1401 | D        | Noticed an orc wizard
  1401 | D        | Noticed an orc priest
  1401 | D        | Noticed an orc priest
  1406 | D        | Killed an orc priest
  1407 | D        | Killed an orc priest
  1407 | D        | Killed an orc wizard
  1407 | D        | Killed an orc wizard
  1408 | D        | Killed an orc priest
  1429 | D        | Identified the Reference Book on Companions and Unholy Rites (You found it in the Dungeon)
  1438 | D        | Learned a level 5 spell: Summon Mana Viper
  1506 | D        | Entered arena 10.
  1506 | D        | Noticed a hell hound
  1506 | D        | Noticed a hell hound
  1506 | D        | Noticed a hell hound
  1509 | D        | Killed a hell hound
  1511 | D        | Killed a hell hound
  1516 | D        | Killed a hell hound
  1516 | D        | Reached XP level 9. HP: 10/57 MP: 1/28
  1759 | D        | Entered arena 11.
  1759 | D        | Noticed a wasp
  1759 | D        | Noticed a boring beetle
  1759 | D        | Noticed a wolf spider
  1759 | D        | Noticed a wolf spider
  1759 | D        | Noticed a hornet
  1759 | D        | Noticed a hornet
  1759 | D        | Noticed a spider
  1762 | D        | Killed a spider
  1764 | D        | Noticed a wasp
  1764 | D        | Noticed a boulder beetle
  1764 | D        | Killed a wolf spider
  1765 | D        | Killed a wasp
  1765 | D        | Killed a hornet
  1765 | D        | Received a gift from Sif Muna
  1765 | D        | Reached skill level 16 in Summonings
  1766 | D        | Killed a wasp
  1766 | D        | Killed a wolf spider
  1771 | D        | Killed a hornet
  1773 | D        | Killed a boring beetle
  1775 | D        | Killed a boulder beetle
  1792 | D        | Identified Smaluhiu's Incunabulum of Calling {god gift} (Sif Muna gifted it to you in the Dungeon)
  1801 | D        | Noticed a trapdoor spider
  1806 | D        | HP: 1/57 [the Majin-Bo (7)]
  1808 | D        | Killed a trapdoor spider
  1814 | D        | Got the ring of Nuasch {rN+ EV+5 Str+2 Dex+4 Stlth-}
  1826 | D        | Learned a level 2 spell: Blink
  1927 | D        | Entered arena 12.
  1927 | D        | Noticed a necromancer
  1927 | D        | Noticed a ghoul
  1927 | D        | Noticed a vampire
  1927 | D        | Noticed a necrophage
  1927 | D        | Noticed a vampire
  1927 | D        | Noticed a shadow
  1927 | D        | Noticed a vampire
  1930 | D        | Noticed a wight
  1930 | D        | Noticed a skeletal warrior
  1933 | D        | Killed a vampire
  1934 | D        | Killed a vampire
  1934 | D        | Reached skill level 1 in Staves
  1934 | D        | Killed a necrophage
  1934 | D        | Killed a vampire
  1938 | D        | Killed a shadow
  1938 | D        | Killed a skeletal warrior
  1939 | D        | Killed a wight
  1939 | D        | Reached skill level 17 in Summonings
  1940 | D        | Killed a ghoul
  1940 | D        | Received a gift from Sif Muna
  1940 | D        | Reached XP level 10. HP: 15/63 MP: 8/30
  1941 | D        | Killed a necromancer
  1954 | D        | Identified Bryastreo's Volume of the Entourage {god gift} (Sif Muna gifted it to you in the Dungeon)
  1970 | D        | Got the ring "Skule" {rElec Int+3 Dex+2 Stlth-}
  2084 | D        | Entered arena 13.
  2084 | D        | Noticed a fire vortex
  2084 | D        | Noticed a fire giant
  2084 | D        | Noticed a fire dragon
  2084 | D        | Noticed a fire elemental
  2084 | D        | Noticed a hell hound
  2084 | D        | Killed a fire vortex
  2088 | D        | Noticed a fire drake
  2088 | D        | Noticed a hell hog
  2089 | D        | Noticed a hell hound
  2089 | D        | Noticed an efreet
  2090 | D        | Noticed a hell hound
  2090 | D        | Noticed a fire elemental
  2090 | D        | Killed a hell hound
  2094 | D        | Killed a fire elemental
  2100 | D        | Noticed a fire vortex
  2101 | D        | Killed a fire dragon
  2104 | D        | HP: 3/63 [the Majin-Bo (5)]
  2104 | D        | HP: 1/63 [burnt (2)]
  2109 | D        | Killed a hell hog
  2116 | D        | Killed a hell hound
  2116 | D        | Received a gift from Sif Muna
  2116 | D        | Reached skill level 18 in Summonings
  2117 | D        | Killed an efreet
  2119 | D        | Killed a fire elemental
  2122 | D        | Killed a hell hound
  2122 | D        | Reached skill level 5 in Staves
  2125 | D        | Killed from afar by a fire giant

Action                   |  1- 3 |  4- 6 |  7- 9 | 10-12 || total
-------------------------+-------+-------+-------+-------++-------
Melee: Quarterstaff      |     2 |     4 |     3 |    17 ||    26
 Cast: Summon Small Mamm |     3 |       |       |       ||     3
       Summon Ice Beast  |       |     4 |     2 |       ||     6
       Call Canine Famil |       |     2 |       |       ||     2
       Summon Hydra      |       |       |    27 |     5 ||    32
       Summon Mana Viper |       |       |     6 |     1 ||     7
       Summon Forest     |       |       |     1 |       ||     1
Invok: Channel Energy    |       |       |    78 |    13 ||    91
Evoke: Deck              |       |       |     1 |       ||     1
  Use: Potion            |     2 |     1 |     7 |    16 ||    26
       Scroll            |       |     1 |     7 |     3 ||    11
 Stab: Invisible         |       |       |       |     2 ||     2
  Eat: Corpse            |       |     1 |     7 |       ||     8
